 Dungeon Crawl Stone Soup version 0.30-a0-1016-gfb0d676c02 (webtiles) character file.

Game seed: 7163902165246710928

2068 HoaS the Skirmisher (level 9, 0/61 HPs)
             Began as a Formicid Hunter on Apr 6, 2023.
             Was an Initiate of Gozag.
             Slain by a hornet (5 damage)
             ... on level 4 of the Dungeon.
             The game lasted 00:14:34 (5939 turns).

HoaS the Skirmisher (Formicid Hunter)               Turns: 5939, Time: 00:14:34

Health: 0/61       AC:  5    Str: 15    XL:     9   Next: 50%
Magic:  9/9        EV: 10    Int: 10    God:    Gozag
Gold:   136        SH: 18    Dex: 21    Spells: 8/8 levels left

rFire   . . .      SeeInvis +    a - +0 shortbow
rCold   . . .      Faith    .    i - +1 tower shield
rNeg    . . .      Spirit   .    c - +0 leather armour
rPois   +          Reflect  .    (helmet unavailable)
rElec   .          Rampage  .    m - +0 cloak
rCorr   .                        j - +0 pair of gloves
Will    .....                    (no boots)
Stlth   ++                       (no amulet)
HPRegen 0.30/turn                l - ring of poison resistance
MPRegen 0.11/turn                (no ring)

@: no status effects
A: permanent stasis, dig shafts and tunnels, antennae 3, four strong arms
a: Dig, Shaft Self, Renounce Religion, Potion Petition, Call Merchant, Bribe
Branch


You were on level 4 of the Dungeon.
You worshipped Gozag.
Gozag was aware of your devotion.
You visited 2 branches of the dungeon, and saw 8 of its levels.

You collected 266 gold pieces.
You paid 130 gold pieces to Gozag.

Inventory:

Hand Weapons
 a - a +0 shortbow (weapon)
Armour
 c - a +0 leather armour (worn)
 i - a +1 tower shield (worn)
 j - a +0 pair of gloves (worn)
 m - a +0 cloak (worn)
Jewellery
 l - a ring of poison resistance (left hand)
 t - a ring of ice
Wands
 n - a wand of digging (5)
 r - a wand of charming (5)
Scrolls
 b - a scroll of immolation
 g - a scroll of identify
 o - 3 scrolls of fear
Potions
 d - 5 potions of curing
 e - 3 potions of lignification
 f - 2 potions of attraction
 h - a potion of cancellation
 k - a potion of degeneration {unknown}
 p - a potion of brilliance {unknown}
 q - 2 potions of berserk rage {unknown}
 s - a potion of mutation {unknown}
 u - a potion of might


   Skills:
 - Level 2.1 Fighting
 * Level 10.6 Ranged Weapons
 - Level 1.7 Dodging
 - Level 1.2 Stealth
 + Level 8.7 Shields


You had 8 spell levels left.
You didn't know any spells.
Your spell library contained the following spells:

 Spells                   Type           Power      Damage    Failure   Level
 Freeze                   Ice            0%         1d3       91%         1
 Cigotuvi's Dreadful Rot  Necr/Pois/Air  0%         N/A       97%         2
 Lesser Beckoning         Tloc           0%         N/A       97%         2
 Momentum Strike          Conj/Tloc      0%         3d8       97%         2
 Scorch                   Fire           0%         2d5       97%         2
 Frozen Ramparts          Ice            0%         1d1       100%        3
 Hailstorm                Conj/Ice       0%         3d3       100%        3
 Dispel Undead            Necr           0%         3d6       100%        4
 Flame Wave               Conj/Fire      0%         2d4       100%        4
 Leda's Liquefaction      Hex/Erth       0%         N/A       100%        4
 Lee's Rapid Deconstruct  Erth           0%         3d4*      100%        5
 Death Channel            Necr           0%         N/A       100%        6
 Statue Form              Tmut/Erth      0%         N/A       100%        6
 Summon Cactus Giant      Summ           0%         N/A       100%        6
 Blink                    Tloc           Unusable   N/A       N/A         2

Dungeon Overview and Level Annotations

Branches:
Dungeon (7/15)             Temple (1/1) D:6

Altars:
Ashenzari
Cheibriados
Dithmenos
Elyvilon
Fedhas
Gozag
Kikubaaqudgha
Makhleb
Nemelex Xobeh
Okawaru
Qazlal
Ru
Sif Muna
Uskayaw
Vehumet
Wu Jian
Xom
Yredelemnul
Zin
The Shining One

Shops:
D:1 (((

Annotations:
D:6 Duvessa


Innate Abilities, Weirdness & Mutations

You cannot be hasted, slowed, berserked, paralysed or teleported.
You can dig through walls and to a lower floor.
You have a pair of large antennae on your head. (SInv)
Your four strong arms can wield two-handed weapons with a shield.


Message History

You shoot an arrow. The arrow hits the hornet.
The hornet is moderately wounded.
You block the hornet's attack. The hornet closely misses you.
You shoot an arrow. The arrow hits the hornet.
The hornet is heavily wounded.
The hornet closely misses you. You block the hornet's attack.
You shoot an arrow. The arrow misses the hornet.
You block the hornet's attack. x2
You shoot an arrow. The arrow misses the hornet.
You block the hornet's attack.
You shoot an arrow.
The arrow hits the hornet but does no damage.
The hornet is heavily wounded.
The hornet stings you! You block the hornet's attack.
You shoot an arrow. The arrow barely misses the hornet.
You block the hornet's attack. The hornet stings you!
Your stasis prevents you from being slowed.
You shoot an arrow. The arrow closely misses the hornet.
You block the hornet's attack. The hornet stings you!
You are poisoned.
You shoot an arrow. The arrow barely misses the hornet.
You feel very sick. You block the hornet's attack. The hornet stings you!
* * * LOW HITPOINT WARNING * * *
You are more poisoned.
You shoot an arrow.
The arrow hits the hornet but does no damage.
The hornet is heavily wounded.
* * * LOW HITPOINT WARNING * * *
You feel very sick. You block the hornet's attack.
You feel better. You block the hornet's attack. The hornet stings you!
* * * LOW HITPOINT WARNING * * *
Your stasis prevents you from being slowed.
You feel better. The hornet stings you!
* * * LOW HITPOINT WARNING * * *
Your stasis prevents you from being paralysed.
You shoot an arrow. The arrow hits the hornet.
The hornet is heavily wounded.
You block the hornet's attack. The hornet misses you. The hornet stings you.
You die...
Your body crumbles into a pile of gold.

#.###.##.#...###########
#..... #.....#..'...#
#..... #######..#...#
#..... ########..##.##
#..... .............###
#....# ###########....#
#.#### ##.#.## ####.#
#.#..# ##..(.#### #.##@#
#..#.#.... #.##y..#
####.###.. #.#.......
##8...8##.
#+#.##....##.......## ..
.$..#8..._...8# ...
....##.......## ...
..#.##8...8## $(..
....>###8### ###


You could see a hornet.

Vanquished Creatures
  An orc warrior (D:6)
  2 ice beasts
  A black bear (D:5)
  A sky beast (D:6)
  A centaur (D:7)
  An ogre (D:6)
  3 phantoms
  Blork the orc (D:4)
  2 bullfrogs (D:6)
  3 scorpions
  Dowan (D:6)
  3 wights (D:6)
  A howler monkey (D:5)
  A jelly (D:5)
  2 hounds
  4 orc priests
  5 iguanas
  A sleepcap (D:6)
  An orc wizard (D:3)
  Robin (D:2)
  4 gnolls (D:4)
  7 adders
  A white imp (D:7)
  A worm (D:4)
  3 dart slugs
  14 orcs
  8 bats
  5 endoplasms
  2 giant cockroaches
  9 goblins
  9 hobgoblins
  4 jackals (D:2)
  4 quokkas
  6 ball pythons
  4 frilled lizards
  8 kobolds
  3 rats
128 creatures vanquished.

Notes
Turn   | Place    | Note
-------+----------+-------------------------------------------
     0 | D:1      | HoaS the Formicid Hunter began the quest for the Orb.
     0 | D:1      | Reached XP level 1. HP: 16/16 MP: 1/1
    30 | D:1      | Found Winygit's Antique Weapon Shop.
   248 | D:1      | Found Raongoipn's Antique Weapon Shop.
   403 | D:1      | Found Kedall's Weapon Shoppe.
   596 | D:2      | Reached XP level 2. HP: 22/22 MP: 2/2
   733 | D:2      | Reached skill level 1 in Shields
   733 | D:2      | Reached XP level 3. HP: 12/27 MP: 3/3
  1067 | D:2      | Found a faded altar of an unknown god.
  1460 | D:2      | Noticed Robin
  1468 | D:2      | Reached skill level 5 in Ranged Weapons
  1511 | D:2      | Killed Robin
  1512 | D:2      | Reached XP level 4. HP: 33/33 MP: 4/4
  1789 | D:3      | You fall into a shaft and drop 2 floors!
  1789 | D:5      | Entered Level 5 of the Dungeon
  1882 | D:4      | Noticed a scorpion
  1892 | D:5      | Reached XP level 5. HP: 31/38 MP: 5/5
  1969 | D:4      | Noticed a phantom
  1981 | D:4      | Killed a phantom
  1982 | D:4      | Reached skill level 6 in Ranged Weapons
  1982 | D:4      | Reached XP level 6. HP: 39/44 MP: 6/6
  2365 | D:3      | Identified the +4 short sword of the Exiled Ears {venom,
                  | +Blink rElec rPois rF-}
  2681 | D:3      | Reached XP level 7. HP: 25/50 MP: 7/7
  3081 | D:4      | Reached skill level 7 in Ranged Weapons
  3081 | D:4      | Reached skill level 5 in Shields
  3112 | D:4      | Noticed Blork the orc
  3127 | D:4      | Killed Blork the orc
  3229 | D:4      | Found an ornate altar of the Wu Jian Council.
  3486 | D:4      | Noticed a hornet
  3497 | D:4      | You fall into a shaft and drop 1 floor!
  3550 | D:5      | Reached skill level 8 in Ranged Weapons
  3550 | D:5      | Reached XP level 8. HP: 41/56 MP: 8/8
  4179 | D:4      | You fall into a shaft and drop 2 floors!
  4348 | D:6      | Found a burning altar of Makhleb.
  4349 | D:6      | Found a sparkling altar of Nemelex Xobeh.
  4371 | D:6      | Reached skill level 9 in Ranged Weapons
  4690 | D:6      | Reached XP level 9. HP: 20/61 MP: 9/9
  4924 | D:6      | Noticed Duvessa
  4924 | D:6      | Noticed Dowan
  5224 | D:6      | Reached skill level 10 in Ranged Weapons
  5530 | D:6      | Killed Dowan
  5556 | D:6      | Found a staircase to the Ecumenical Temple.
  5566 | Temple   | Entered the Ecumenical Temple
  5762 | Temple   | Became a worshipper of Gozag Ym Sagoz the Greedy
  5939 | D:4      | Slain by a hornet

Illustrated notes

Levels and vault maps discovered:
D:1:      ebering_trefoil_twist, layout_loops_ring, serial_shops,
          nicolae_square_shop, shop_fountains, nicolae_shop_hallway_stairs
D:2:      layout_basic, shapermc_ecumenical_altar_mp_vishouse, minmay_bisected,
          uniq_robin
D:3:      layout_basic, minmay_joined_circles
D:4:      layout_basic, nzn_wu_jian_council_hall, uniq_blork_the_orc
D:5:      layout_basic
D:6:      minmay_chambers_of_fours, layout_loops_ring,
          mainiacjoe_overflow_divided_tiny, minmay_temple_entry_overgrown,
          uniq_duvessa
D:7:      layout_basic, minmay_between
Temple:   bh_familiar_temple

Skill      XL: |  1  2  3  4  5  6  7  8  9 |
---------------+----------------------------+-----
Shields        | 1 2 3 4 6 7 8 |  8.7
Ranged Weapons | 5 6 8 9 10 | 10.6
Fighting       | |  2.1
Dodging        | |  1.7
Stealth        | |  1.2

Action                     |  1- 3 |  4- 6 |  7- 9 || total
---------------------------+-------+-------+-------++-------
   Fire: Shortbow          |    74 |    95 |   378 ||   547
Ability: Shaft Self        |       |     1 |     2 ||     3
    Use: Scroll            |     6 |     3 |     3 ||    12
         Potion            |       |       |     4 ||     4
 Armour: Leather armour    |     9 |     7 |    47 ||    63
  Dodge: Dodged            |    10 |    12 |    63 ||    85
  Block: Tower shield      |    21 |    44 |   226 ||   291

Table legend: (Time is in decaauts)
 A = Elapsed time spent in this place.
 B = Non-inter-level travel time spent in this place.
 C = Inter-level travel time spent in this place.
 D = Time resting spent in this place.
 E = Time spent auto-exploring this place.
 F = Levels seen in this place.
 G = Mean time per level.
                   A        B        C        D        E       F      G
               +--------+--------+--------+--------+--------+-----+--------+
         Total |   6172 |   5871 |    301 |   1469 |   2985 |   8 |  771.5 |
       Dungeon |   5939 |   5698 |    241 |   1469 |   2817 |   7 |  848.4 |
        Temple |    232 |    172 |     60 |      0 |    168 |   1 |  232.0 |
               +--------+--------+--------+--------+--------+-----+--------+

Top non-repeatable levels by time:
     D:2: 1191 daAuts
     D:6: 1186 daAuts
     D:3: 1185 daAuts
     D:5: 863 daAuts
     D:4: 662 daAuts
     D:1: 556 daAuts
     D:7: 292 daAuts
  Temple: 232 daAuts
